 Dungeon Crawl Stone Soup version 0.26.0-16-gc1dbca0489 (webtiles) character file.

Game seed: 12619219714942198867

153 kaeus the Insei (level 5, -6/26 HPs)
             Began as a Vine Stalker Transmuter on Jan 20, 2021.
             Killed by divine providence
             ... invoked by an orc priest
              (12 damage)
             ... on level 3 of the Dungeon.
             The game lasted 00:04:27 (2466 turns).

kaeus the Insei (Vine Stalker Transmuter)           Turns: 2466, Time: 00:04:28

Health: -6/26      AC:  7    Str: 18    XL:     5   Next: 35%
Magic:  0/9        EV: 11    Int: 13    God:
Gold:   98         SH:  0    Dex: 16    Spells: 7/8 levels left

rFire    . . .     SeeInvis .     - Unarmed
rCold    . . .     Faith    .   (no shield)
rNeg     . . .     Spirit   +   c - +0 ring mail
rPois    .         Reflect  .   (no helmet)
rElec    .         Harm     .   (no cloak)
rCorr    .         Rampage  .   l - +0 pair of gloves
Will     .....                  b - +0 pair of boots
Stlth    +.........             (no amulet)
HPRegen  0.48/turn              j - +6 ring of strength
MPRegen  0.11/turn              (no ring)

@: no status effects
A: fangs 2, regeneration 1, magic shield, antimagic bite, no potion heal 3
a: no special abilities


You were on level 3 of the Dungeon.
You visited 1 branch of the dungeon, and saw 3 of its levels.

You collected 98 gold pieces.

Inventory:

Armour
 b - a +0 pair of boots (worn)
 c - a +0 ring mail (worn)
 l - a +0 pair of gloves (worn)
Jewellery
 j - a +6 ring of strength (left hand)
Scrolls
 d - 5 scrolls of identify {unknown}
 e - a scroll of enchant armour {unknown}
 f - a scroll of fear {unknown}
 g - a scroll of magic mapping {unknown}
 h - 2 scrolls of immolation {unknown}
 i - a scroll of amnesia {unknown}
 k - a scroll of fog {unknown}
 m - a scroll of noise {unknown}
Potions
 a - 2 potions of might {unknown}


   Skills:
 + Level 2.2 Fighting
 + Level 1.7 Armour
 - Level 1.6 Dodging
 + Level 3.8 Unarmed Combat
 - Level 2.2 Spellcasting
 + Level 3.1 Transmutations


You had 7 spell levels left.
You knew the following spells:

 Your Spells              Type           Power        Failure   Level
a - Beastly Appendage     Tmut           18%          12%         1

Your spell library contained the following spells:

 Spells                   Type           Power        Failure   Level
 Wereblood                Tmut           9%           19%         2
 Spider Form              Tmut/Pois      2%           56%         3
 Ice Form                 Ice/Tmut       5%           92%         4
 Blade Hands              Tmut           4%           97%         5


Dungeon Overview and Level Annotations

Branches:
Dungeon (3/15)

Altars:


Innate Abilities, Weirdness & Mutations

You have extremely sharp teeth.
Your natural rate of healing is unusually fast.
When hurt, damage is shared between your health and your magic reserves.
Your bite disrupts and absorbs the magic of your enemies.
Potions cannot restore your health.


Message History

The orc priest calls down the wrath of Beogh upon you.
Beogh smites you!
You closely miss the hobgoblin. Your bite misses the hobgoblin.
The hobgoblin is almost dead.
The bat hits you. The hobgoblin barely misses you. The orc barely misses you.
The orc hits you but does no damage. The orc barely misses you.
You hit the hobgoblin.
You kill the hobgoblin!
The bat hits you but does no damage. The orc closely misses you.
The orc wizard mumbles some strange words.
The orc wizard blinks!
The orc hits you but does no damage. The orc misses you.
The orc hits you with a +0 falchion.
The bat hits you but does no damage. x2; The orc hits you with a +0 war axe.
* * * LOW HITPOINT WARNING * * *
The orc wizard casts a spell.
The orc wizard seems to speed up.
The goblin barely misses you. The orc hits you but does no damage. x2
The orc priest calls down the wrath of Beogh upon you.
Beogh smites you!
You die...

. .. # ... .##
.... ....
..o..#####...##
......)ooo.....
#.....b@go.....
#..##..ooo.....
####r#...#. .#
.... .# .#. .#
# .# ..


You could see an orc priest, an orc wizard (fast), 6 orcs, a goblin, a bat and a
rat.

Vanquished Creatures
  An orc priest (D:2)
  An orc wizard (D:2)
  4 adders (D:2)
  An ooze (D:1)
  A worm (D:2)
  2 dart slugs (D:1)
  A leopard gecko (D:2)
  3 orcs (D:2)
  3 bats
  6 giant cockroaches
  5 goblins
  6 hobgoblins
  3 frilled lizards
  4 kobolds (D:1)
  5 rats
46 creatures vanquished.

Notes
Turn   | Place    | Note
-------+----------+-------------------------------------------
     0 | D:1      | kaeus the Vine Stalker Transmuter began the quest for the
                  | Orb.
     0 | D:1      | Reached XP level 1. HP: 9/9 MP: 4/4
    44 | D:1      | Reached skill level 1 in Fighting
   154 | D:1      | Reached XP level 2. HP: 14/14 MP: 6/6
   649 | D:1      | Reached XP level 3. HP: 17/18 MP: 7/7
  1494 | D:2      | Reached skill level 1 in Armour
  1588 | D:2      | Gained mutation: Your natural rate of healing is unusually
                  | fast. [Vine Stalker growth]
  1588 | D:2      | Reached XP level 4. HP: 17/23 MP: 8/8
  1732 | D:2      | Reached XP level 5. HP: 19/26 MP: 6/9
  2466 | D:3      | Killed from afar by an orc priest

Illustrated notes

Levels and vault maps discovered:
D:1:      evilmike_arrival_hilbert_curve, layout_loops_ring, minmay_3d_cube
D:2:      cheibrodos_pilgrimage, layout_loops_ring
D:3:      layout_loops_cross, nemelex_xobeh_ov_fountains_minmay,
          chequers_ecumenical_altar_simple

Skill      XL: |  1  2  3  4 |
---------------+-------------+-----
Fighting       | 1 2 |  2.2
Armour         | 1 |  1.7
Transmutations | 3 |  3.1
Dodging        | |  1.6
Unarmed Combat | |  3.8
Spellcasting   | |  2.2

Action                   |  1- 3 |  4- 6 || total
-------------------------+-------+-------++-------
Melee: Unarmed           |   136 |    68 ||   204
       Bite              |    28 |     9 ||    37
       Punch             |       |     2 ||     2
  Use: Potion            |     1 |       ||     1
Armor: Ring mail         |    35 |    32 ||    67
       Robe              |     1 |       ||     1
Dodge: Dodged            |    62 |    46 ||   108
